FSL
MIAMI WHALES @ COCOA FLYERS
07/27/1982
 
TOP OF THE 1ST
Miami Whales batting - Pitching for Cocoa Flyers : RHP Carlos Games
Pitching: RHP Carlos Games
Batting: SHB Ramon Alcantara 0-0: Called Strike
0-1: Ball
1-1: Ball
2-1: Ball
3-1: Foul Ball, location: 2F
3-2: Ground out 5-3 (Groundball, 15, EV 88.1 MPH)
Batting: RHB Donald Hubbard 0-0: Ball
1-0: Swinging Strike
1-1: Fly out, F3 (Popup, 3F, EV 59.4 MPH)
Batting: RHB Tom Grant 0-0: Ball
1-0: Called Strike
1-1: Called Strike
1-2: Fly out, F4 (Flyball, 34D, EV 80.0 MPH)
Top of the 1st over - 0 runs, 0 hits, 0 errors, 0 left on base; Miami 0 - Cocoa 0
BOTTOM OF THE 1ST
Cocoa Flyers batting - Pitching for Miami Whales : RHP Craig Jones
Pitching: RHP Craig Jones
Batting: RHB Danny Arroyo 0-0: Fly out, F8 (Flyball, 8RS, EV 85.6 MPH)
Batting: RHB Lorenzo Quintanilla 0-0: Ball
1-0: Ball
2-0: Ball
3-0: Base on Balls
Batting: LHB Clint Hurdle 0-0: Ball
Lorenzo Quintanilla steals 2nd base
1-0: Called Strike
Lorenzo Quintanilla is caught stealing 3rd base 2-5
1-1: Ball
2-1: Foul Ball, location: 2F
2-2: Foul Ball, location: 2F
2-2: Ground out 4-3 (Groundball, 34, EV 86.9 MPH)
Bottom of the 1st over - 0 runs, 0 hits, 0 errors, 0 left on base; Miami 0 - Cocoa 0
TOP OF THE 2ND
Miami Whales batting - Pitching for Cocoa Flyers : RHP Carlos Games
Batting: LHB Lorenzo Bundy 0-0: Ball
1-0: Ground out 6-3 (Groundball, 6, EV 76.3 MPH)
Batting: RHB Steve Benson 0-0: Ball
1-0: Ball
2-0: Foul Ball, location: 2F
2-1: Ground out 4-3 (Groundball, 4M, EV 80.0 MPH)
Batting: LHB Brad Garnett 0-0: Ball
1-0: Foul Ball, location: 2F
1-1: Ball
2-1: Fly out, F3 (Popup, 3L, EV 61.9 MPH)
Top of the 2nd over - 0 runs, 0 hits, 0 errors, 0 left on base; Miami 0 - Cocoa 0
BOTTOM OF THE 2ND
Cocoa Flyers batting - Pitching for Miami Whales : RHP Craig Jones
Batting: LHB Gary Robertson 0-0: Called Strike
0-1: Ball
1-1: Ball
2-1: Ball
3-1: Called Strike
3-2: Base on Balls
Batting: RHB Larry McNutt 0-0: Ball
1-0: Foul Ball, location: 2F
1-1: Grounds into double play, 5-4-3 (Groundball, 56, EV 84.4 MPH)
Batting: SHB Rick Lockwood 0-0: Ball
1-0: Swinging Strike
1-1: Foul Ball, location: 2F
1-2: Ball
2-2: Fly out, F5 (Popup, 56S, EV 66.3 MPH)
Bottom of the 2nd over - 0 runs, 0 hits, 0 errors, 0 left on base; Miami 0 - Cocoa 0
TOP OF THE 3RD
Miami Whales batting - Pitching for Cocoa Flyers : RHP Carlos Games
Batting: RHB Ramon Cardenas 0-0: Ground out 5-3 (Groundball, 56, EV 100.6 MPH)
Batting: SHB Philip Rossi 0-0: Called Strike
0-1: Foul Ball, location: 2F
0-2: Ball
1-2: Ground out 4-3 (Groundball, 4, EV 93.8 MPH)
Batting: RHB Patrick Rubino 0-0: Ball
1-0: Ball
2-0: Ball
3-0: Called Strike
3-1: Fly out, F7 (Flyball, 7LM, EV 107.5 MPH)
Top of the 3rd over - 0 runs, 0 hits, 0 errors, 0 left on base; Miami 0 - Cocoa 0
BOTTOM OF THE 3RD
Cocoa Flyers batting - Pitching for Miami Whales : RHP Craig Jones
Batting: RHB Johnny Salery 0-0: Called Strike
0-1: Foul Ball, location: 2F
0-2: Foul Ball, location: 2F
0-2: Ball
1-2: Ball
2-2: Ground out 6-3 (Groundball, 6, EV 82.5 MPH)
Batting: RHB Jorge Diaz 0-0: Called Strike
0-1: Foul Ball, location: 2F
0-2: Ball
1-2: Ball
2-2: Fly out, F8 (Flyball, 8LD, EV 95.6 MPH)
Batting: RHB Miguel Dominguez 0-0: Swinging Strike
0-1: DOUBLE (Groundball, 3L, EV 100.6 MPH)
Batting: RHB Danny Arroyo 0-0: Foul Ball, location: 2F
0-1: Swinging Strike
0-2: Ball
1-2: Foul Ball, location: 2F
1-2: Foul Ball, location: 2F
1-2: Ball
2-2: Ball
3-2: Foul Ball, location: 2F
3-2: Foul Ball, location: 2F
3-2: Base on Balls
Batting: RHB Lorenzo Quintanilla 0-0: Ball
1-0: Ball
2-0: Ball
3-0: Called Strike
3-1: Fly out, F8 (Flyball, 89D, EV 91.9 MPH)
Bottom of the 3rd over - 0 runs, 1 hit, 0 errors, 2 left on base; Miami 0 - Cocoa 0
TOP OF THE 4TH
Miami Whales batting - Pitching for Cocoa Flyers : RHP Carlos Games
Batting: SHB Ramon Alcantara 0-0: Ball
1-0: SINGLE (Groundball, 4M, EV 101.9 MPH) (infield hit)
Batting: RHB Donald Hubbard 0-0: Fly out, F8 (Flyball, 78D, EV 96.3 MPH)
Batting: RHB Tom Grant 0-0: Called Strike
0-1: Ball
1-1: Ball
2-1: Ball
3-1: SINGLE (Line Drive, 6D, EV 106.9 MPH)
Ramon Alcantara to second
Batting: LHB Lorenzo Bundy 0-0: Ball
1-0: Swinging Strike
1-1: Ball
2-1: Ball
3-1: Foul Ball, location: 2F
3-2: Base on Balls
Ramon Alcantara to third
Tom Grant to second
Batting: RHB Steve Benson 0-0: Called Strike
0-1: Grounds into fielders choice 5-2 (Groundball, 25, EV 70.6 MPH)
Tom Grant to third
Lorenzo Bundy to second
Batting: LHB Brad Garnett 0-0: Ball
1-0: Ball
2-0: Foul Ball, location: 2F
2-1: Foul Ball, location: 2F
2-2: Fly out, F8 (Line Drive, 8RM, EV 107.5 MPH)
Top of the 4th over - 0 runs, 2 hits, 0 errors, 3 left on base; Miami 0 - Cocoa 0
BOTTOM OF THE 4TH
Cocoa Flyers batting - Pitching for Miami Whales : RHP Craig Jones
Batting: LHB Clint Hurdle 0-0: Fly out, F9 (Flyball, 89M, EV 89.4 MPH)
Batting: LHB Gary Robertson 0-0: Swinging Strike
0-1: Ball
1-1: Foul Ball, location: 2F
1-2: Foul Ball, location: 2F
1-2: Foul Ball, location: 2F
1-2: Ball
2-2: Fly out, F7 (Flyball, 7LS, EV 73.8 MPH)
Batting: RHB Larry McNutt 0-0: Foul Ball, location: 2F
0-1: Swinging Strike
0-2: Ball
1-2: Ball
2-2: DOUBLE (Line Drive, 78XD, EV 105.0 MPH)
Batting: SHB Rick Lockwood 0-0: Called Strike
0-1: Ball
1-1: Swinging Strike
1-2: Ball
2-2: Foul Ball, location: 2F
2-2: Strikes out swinging
Bottom of the 4th over - 0 runs, 1 hit, 0 errors, 1 left on base; Miami 0 - Cocoa 0
TOP OF THE 5TH
Miami Whales batting - Pitching for Cocoa Flyers : RHP Carlos Games
Batting: RHB Ramon Cardenas 0-0: Ball
1-0: Ball
2-0: Called Strike
2-1: Ball
3-1: Fly out, F9 (Flyball, 9LM, EV 101.3 MPH)
Batting: SHB Philip Rossi 0-0: Ball
1-0: Swinging Strike
1-1: Ball
2-1: Foul Ball, location: 2F
2-2: Ground out 4-3 (Groundball, 4, EV 103.1 MPH)
Batting: RHB Patrick Rubino 0-0: Fly out, F9 (Flyball, 9S, EV 90.0 MPH)
Top of the 5th over - 0 runs, 0 hits, 0 errors, 0 left on base; Miami 0 - Cocoa 0
BOTTOM OF THE 5TH
Cocoa Flyers batting - Pitching for Miami Whales : RHP Craig Jones
Batting: RHB Johnny Salery 0-0: Called Strike
0-1: Swinging Strike
0-2: Foul Ball, location: 2F
0-2: Ball
1-2: Foul Ball, location: 2F
1-2: Foul Ball, location: 2F
1-2: Ball
2-2: Foul Ball, location: 2F
2-2: Ball
3-2: Foul Ball, location: 2F
3-2: Base on Balls
Batting: RHB Jorge Diaz 0-0: Ball
1-0: Bunt missed!
1-1: Sac Bunt to 3S - play at first, batter OUT! 3-1
Johnny Salery to second
Batting: RHB Miguel Dominguez 0-0: Ball
1-0: Called Strike
1-1: Ball
2-1: Foul Ball, location: 2F
2-2: Strikes out swinging
Batting: RHB Danny Arroyo 0-0: Ball
1-0: Called Strike
1-1: Foul Ball, location: 2F
1-2: Ball
2-2: Fly out, F8 (Flyball, 89D, EV 84.4 MPH)
Bottom of the 5th over - 0 runs, 0 hits, 0 errors, 1 left on base; Miami 0 - Cocoa 0
TOP OF THE 6TH
Miami Whales batting - Pitching for Cocoa Flyers : RHP Carlos Games
Batting: SHB Ramon Alcantara 0-0: Swinging Strike
0-1: Foul Ball, location: 2F
0-2: Foul Ball, location: 2F
0-2: Ball
1-2: DOUBLE (Groundball, 3L, EV 105.6 MPH)
Batting: RHB Donald Hubbard 0-0: Called Strike
0-1: Ball
1-1: Ball
2-1: Called Strike
2-2: Foul Ball, location: 2F
2-2: Ball
3-2: Ground out 4-3 (Groundball, 4MD, EV 101.3 MPH)
Ramon Alcantara to third
Batting: RHB Tom Grant 0-0: SINGLE (Line Drive, 78M, EV 94.4 MPH)
Ramon Alcantara scores
Batting: LHB Lorenzo Bundy 0-0: Ball
1-0: Grounds into double play, 6-4-3 (Groundball, 6, EV 100.6 MPH)
Top of the 6th over - 1 run, 2 hits, 0 errors, 0 left on base; Miami 1 - Cocoa 0
BOTTOM OF THE 6TH
Cocoa Flyers batting - Pitching for Miami Whales : RHP Craig Jones
Batting: RHB Lorenzo Quintanilla 0-0: Ball
1-0: Called Strike
1-1: Hit by Pitch
Batting: LHB Clint Hurdle 0-0: Grounds into double play, 4-6-3 (Groundball, 4, EV 110.0 MPH)
Batting: LHB Gary Robertson 0-0: Ball
1-0: Ball
2-0: Fly out, F7 (Flyball, 7D, EV 95.6 MPH)
Bottom of the 6th over - 0 runs, 0 hits, 0 errors, 0 left on base; Miami 1 - Cocoa 0
TOP OF THE 7TH
Miami Whales batting - Pitching for Cocoa Flyers : RHP Carlos Games
Batting: RHB Steve Benson 0-0: Foul Ball, location: 2F
0-1: Ball
1-1: Ball
2-1: Fly out, F7 (Flyball, 7, EV 94.4 MPH)
Batting: LHB Brad Garnett 0-0: Swinging Strike
0-1: Ball
1-1: Ball
2-1: Foul Ball, location: 2F
2-2: Strikes out looking
Batting: RHB Ramon Cardenas 0-0: Called Strike
0-1: Ground out 6-3 (Groundball, 6, EV 83.1 MPH)
Top of the 7th over - 0 runs, 0 hits, 0 errors, 0 left on base; Miami 1 - Cocoa 0
BOTTOM OF THE 7TH
Cocoa Flyers batting - Pitching for Miami Whales : RHP Craig Jones
Batting: RHB Larry McNutt 0-0: Ball
1-0: Ball
2-0: Ground out 5-3 (Groundball, 56, EV 96.3 MPH)
Batting: SHB Rick Lockwood 0-0: Ball
1-0: Ball
2-0: Ball
3-0: Called Strike
3-1: Fly out, F8 (Flyball, 89D, EV 105.0 MPH)
Batting: RHB Johnny Salery 0-0: Called Strike
0-1: Ball
1-1: Ball
2-1: Swinging Strike
2-2: Ball
3-2: Foul Ball, location: 2F
3-2: Foul Ball, location: 2F
3-2: Ground out 6-3 (Groundball, 6, EV 101.3 MPH)
Bottom of the 7th over - 0 runs, 0 hits, 0 errors, 0 left on base; Miami 1 - Cocoa 0
TOP OF THE 8TH
Miami Whales batting - Pitching for Cocoa Flyers : RHP Carlos Games
Batting: SHB Philip Rossi 0-0: Swinging Strike
0-1: Called Strike
0-2: Strikes out looking
Batting: RHB Patrick Rubino 0-0: Ball
1-0: Ball
2-0: Ball
3-0: Called Strike
3-1: Foul Ball, location: 2F
3-2: Base on Balls
Batting: SHB Ramon Alcantara 0-0: Ball
1-0: Called Strike
1-1: Ball
2-1: Foul Ball, location: 2F
2-2: Grounds into double play, 6-4-3 (Groundball, 6, EV 84.4 MPH)
Top of the 8th over - 0 runs, 0 hits, 0 errors, 0 left on base; Miami 1 - Cocoa 0
BOTTOM OF THE 8TH
Cocoa Flyers batting - Pitching for Miami Whales : RHP Craig Jones
Batting: RHB Jorge Diaz 0-0: Fly out, F7 (Flyball, 7, EV 90.0 MPH)
Batting: RHB Miguel Dominguez 0-0: Ball
1-0: SINGLE (Line Drive, 8LS, EV 89.4 MPH)
Batting: RHB Danny Arroyo 0-0: Ball
1-0: Swinging Strike
1-1: TRIPLE (Flyball, 8RXD, EV 108.8 MPH)
Miguel Dominguez scores
Batting: RHB Lorenzo Quintanilla 0-0: Ball
1-0: SINGLE (Groundball, 6M, EV 96.9 MPH)
Danny Arroyo scores
Batting: LHB Clint Hurdle 0-0: Called Strike
0-1: Ball
1-1: Ball
2-1: Foul Ball, location: 2F
2-2: Ball
3-2: Base on Balls
Lorenzo Quintanilla to second
Batting: LHB Gary Robertson 0-0: Swinging Strike
0-1: Foul Ball, location: 2F
0-2: Ball
1-2: Foul Ball, location: 2F
1-2: Ball
2-2: Foul Ball, location: 2F
2-2: Ball
3-2: Base on Balls
Lorenzo Quintanilla to third
Clint Hurdle to second
Batting: RHB Larry McNutt 0-0: Ball
1-0: SINGLE (Line Drive, 7S, EV 98.8 MPH)
Lorenzo Quintanilla scores
Clint Hurdle to third
Gary Robertson to second
Batting: SHB Rick Lockwood 0-0: Ball
1-0: Swinging Strike
1-1: Ball
2-1: Ball
3-1: Base on Balls
Clint Hurdle scores
Gary Robertson to third
Larry McNutt to second
Batting: RHB Johnny Salery 0-0: Called Strike
0-1: Swinging Strike
0-2: Grounds into fielders choice 6-2 (Groundball, 6, EV 87.5 MPH)
Larry McNutt to third
Rick Lockwood to second
Batting: RHB Jorge Diaz 0-0: Ball
1-0: Called Strike
1-1: SINGLE (Groundball, 56, EV 82.5 MPH) (infield hit)
Larry McNutt scores
Rick Lockwood to third
Johnny Salery to second
Pitching: RHP Michael Befort
Batting: RHB Miguel Dominguez 0-0: Called Strike
0-1: Ball
1-1: Ball
2-1: Foul Ball, location: 2F
2-2: Foul Ball, location: 2F
2-2: Ball
3-2: Base on Balls
Rick Lockwood scores
Johnny Salery to third
Jorge Diaz to second
Batting: RHB Danny Arroyo 0-0: Ball
1-0: Called Strike
1-1: Called Strike
1-2: Strikes out looking
Bottom of the 8th over - 6 runs, 5 hits, 0 errors, 3 left on base; Miami 1 - Cocoa 6
TOP OF THE 9TH
Miami Whales batting - Pitching for Cocoa Flyers : RHP Carlos Games
Pitching: RHP Jeffery Vail
Batting: RHB Donald Hubbard 0-0: Ball
1-0: Ball
2-0: Called Strike
2-1: Ball
3-1: Base on Balls
Batting: RHB Tom Grant 0-0: Called Strike
0-1: Fly out, F6 (Line Drive, 6, EV 74.4 MPH)
Batting: LHB Lorenzo Bundy 0-0: Ball
1-0: Foul Ball, location: 2F
1-1: Ball
2-1: Called Strike
2-2: Ball
3-2: Foul Ball, location: 2F
3-2: SINGLE (Line Drive, 8LS, EV 98.1 MPH)
Donald Hubbard to second
Donald Hubbard to third
Batting: RHB Steve Benson 0-0: Ball
1-0: Called Strike
1-1: Ball
2-1: Foul Ball, location: 2F
2-2: SINGLE (Line Drive, 56D, EV 104.4 MPH)
Donald Hubbard scores
Lorenzo Bundy to second
Batting: LHB Brad Garnett 0-0: Ball
1-0: Ball
2-0: Swinging Strike
2-1: SINGLE (Flyball, 7LS, EV 95.0 MPH)
Lorenzo Bundy to third
Steve Benson to second
Batting: RHB Ramon Cardenas 0-0: Reached on error, E5 (Groundball, 56, EV 104.4 MPH)
Lorenzo Bundy scores
Steve Benson to third
Brad Garnett to second
Pinch Hitting: RHB Alex Dominguez 0-0: Ball
1-0: SINGLE (Groundball, P, EV 85.6 MPH) (infield hit)
Steve Benson scores
Brad Garnett to third
Ramon Cardenas to second
Batting: RHB Patrick Rubino 0-0: Called Strike
0-1: Grounds into double play, 4-6-3 (Groundball, 4, EV 86.9 MPH)
Top of the 9th over - 3 runs, 4 hits, 1 error, 2 left on base; Miami 4 - Cocoa 6
Wednesday, August 19th, 2020 - OOTP Baseball 21.5 Build 76